NCAA
DUKE BLUE DEVILS @ UCLA BRUINS
05/18/2024
 
TOP OF THE 1ST
Duke Blue Devils batting - Pitching for UCLA Bruins : RHP Manuel González
Pitching: RHP Manuel González
Batting: SHB Luis Zamora 0-0: Ball
1-0: Foul Ball, location: 2F
1-1: Ground out 6-3 (Groundball, 6S)
Batting: LHB Vicente Chávez 0-0: Ball
1-0: Swinging Strike
1-1: Ball
2-1: Called Strike
2-2: Ball
3-2: Strikes out swinging
Batting: RHB Mike Ingram 0-0: Ball
1-0: Called Strike
1-1: Fly out, F7 (Flyball, 7D)
Top of the 1st over - 0 run(s), 0 hit(s), 0 error(s), 0 left on base; Duke 0 - UCLA 0
BOTTOM OF THE 1ST
UCLA Bruins batting - Pitching for Duke Blue Devils : RHP Jasper Williams
Pitching: RHP Jasper Williams
Batting: LHB Pedro Ramos 0-0: Ball
1-0: Called Strike
1-1: Ground out 2-3 (Groundball, 2R)
Batting: RHB Roberto Rodríguez 0-0: Called Strike
0-1: Foul Ball, location: 2F
0-2: Foul Ball, location: 2F
0-2: Foul Ball, location: 2F
0-2: Ball
1-2: Foul Ball, location: 2F
1-2: Ball
2-2: Ball
3-2: Foul Ball, location: 2F
3-2: Foul Ball, location: 2F
3-2: Base on Balls
Batting: LHB Brian Bauer 0-0: 2-RUN HOME RUN (Flyball, 9D), Distance : 361 ft
Batting: RHB Dean Bailey 0-0: Ball
1-0: Fly out, F7 (Flyball, 7D)
Batting: RHB Bill Powell 0-0: Ball
1-0: SINGLE (Groundball, 6MD)
Batting: RHB Doug Lutz 0-0: Called Strike
0-1: Foul Ball, location: 2F
0-2: Strikes out looking
Bottom of the 1st over - 2 run(s), 2 hit(s), 0 error(s), 1 left on base; Duke 0 - UCLA 2
TOP OF THE 2ND
Duke Blue Devils batting - Pitching for UCLA Bruins : RHP Manuel González
Batting: LHB Will Hill 0-0: Called Strike
0-1: Ball
1-1: Ball
2-1: Ball
3-1: Fly out, F4 (Popup, 4M)
Batting: LHB Ramón Salazar 0-0: Called Strike
0-1: Reached on error, E4 (Groundball, 34)
Batting: RHB Matt Osborne 0-0: Ball
Ramón Salazar steals 2nd base
1-0: Called Strike
1-1: Ball
2-1: Foul Ball, location: 2F
2-2: Ball
3-2: Foul Ball, location: 2F
3-2: Strikes out looking
Batting: RHB Arturo Mesa 0-0: Called Strike
0-1: Called Strike
0-2: Strikes out swinging
Top of the 2nd over - 0 run(s), 0 hit(s), 1 error(s), 1 left on base; Duke 0 - UCLA 2
BOTTOM OF THE 2ND
UCLA Bruins batting - Pitching for Duke Blue Devils : RHP Jasper Williams
Batting: LHB Scott Young 0-0: Ball
1-0: Fly out, F7 (Flyball, 78M)
Batting: LHB Harvey Moore 0-0: Ball
1-0: Ball
2-0: Ball
3-0: Called Strike
3-1: Foul Ball, location: 2F
3-2: Base on Balls
Batting: LHB Ernie Russell 0-0: Ball
Harvey Moore is caught stealing 2nd base
1-0: Ball
2-0: Ball
3-0: Called Strike
3-1: Ground out 3-6 (Groundball, 3)
Bottom of the 2nd over - 0 run(s), 0 hit(s), 0 error(s), 0 left on base; Duke 0 - UCLA 2
TOP OF THE 3RD
Duke Blue Devils batting - Pitching for UCLA Bruins : RHP Manuel González
Batting: SHB Randy Rodríguez 0-0: Called Strike
0-1: Ball
1-1: Swinging Strike
1-2: Foul Ball, location: 2F
1-2: Strikes out swinging
Batting: SHB Tomás Sánchez 0-0: Fly out, F7 (Flyball, 78M)
Batting: SHB Luis Zamora 0-0: Foul Ball, location: 2F
0-1: Called Strike
0-2: Ball
1-2: Ball
2-2: Ball
3-2: Strikes out swinging
Top of the 3rd over - 0 run(s), 0 hit(s), 0 error(s), 0 left on base; Duke 0 - UCLA 2
BOTTOM OF THE 3RD
UCLA Bruins batting - Pitching for Duke Blue Devils : RHP Jasper Williams
Batting: LHB Pedro Ramos 0-0: Foul Ball, location: 2F
0-1: Called Strike
0-2: Ball
1-2: Ball
2-2: Ball
3-2: DOUBLE (Line Drive, 9LS)
Batting: RHB Roberto Rodríguez 0-0: Ball
1-0: Called Strike
1-1: Called Strike
1-2: Ball
2-2: Ball
3-2: Strikes out looking
Batting: LHB Brian Bauer 0-0: Foul Ball, location: 2F
0-1: Ball
1-1: Foul Ball, location: 2F
1-2: Strikes out looking
Batting: RHB Dean Bailey 0-0: Ground out 6-3 (Groundball, 6M)
Bottom of the 3rd over - 0 run(s), 1 hit(s), 0 error(s), 1 left on base; Duke 0 - UCLA 2
TOP OF THE 4TH
Duke Blue Devils batting - Pitching for UCLA Bruins : RHP Manuel González
Batting: LHB Vicente Chávez 0-0: Swinging Strike
0-1: Ball
1-1: Fly out, F2 (Popup, 23F)
Batting: RHB Mike Ingram 0-0: Swinging Strike
0-1: Ball
1-1: SINGLE (Groundball, 6MD) (infield hit)
Batting: LHB Will Hill 0-0: Fly out, F2 (Popup, 2LF)
Batting: LHB Ramón Salazar 0-0: Called Strike
0-1: Ball
1-1: Ball
2-1: SINGLE (Groundball, 34D)
Mike Ingram to second
Throwing error, E9
Mike Ingram scores
Ramón Salazar to second
Batting: RHB Matt Osborne 0-0: Swinging Strike
0-1: Foul Ball, location: 2F
0-2: Foul Ball, location: 2F
0-2: Strikes out swinging
Top of the 4th over - 1 run(s), 2 hit(s), 1 error(s), 1 left on base; Duke 1 - UCLA 2
BOTTOM OF THE 4TH
UCLA Bruins batting - Pitching for Duke Blue Devils : RHP Jasper Williams
Batting: RHB Bill Powell 0-0: Swinging Strike
0-1: Ball
1-1: Fly out, F9 (Flyball, 89M)
Batting: RHB Doug Lutz 0-0: Ball
1-0: Called Strike
1-1: Foul Ball, location: 2F
1-2: Ball
2-2: Foul Ball, location: 2F
2-2: Foul Ball, location: 2F
2-2: Ball
3-2: Ground out 6-3 (Groundball, 6)
Batting: LHB Scott Young 0-0: Ball
1-0: Fly out, F8 (Flyball, 8LM)
Bottom of the 4th over - 0 run(s), 0 hit(s), 0 error(s), 0 left on base; Duke 1 - UCLA 2
TOP OF THE 5TH
Duke Blue Devils batting - Pitching for UCLA Bruins : RHP Manuel González
Batting: RHB Arturo Mesa 0-0: Ball
1-0: Foul Ball, location: 2F
1-1: Called Strike
1-2: Foul Ball, location: 2F
1-2: Ball
2-2: Foul Ball, location: 2F
2-2: Ball
3-2: Foul Ball, location: 2F
3-2: Fly out, F9 (Line Drive, 9S)
Batting: SHB Randy Rodríguez 0-0: Ball
1-0: Called Strike
1-1: Ground out 4-3 (Groundball, 4)
Batting: SHB Tomás Sánchez 0-0: DOUBLE (Line Drive, 7LS)
Batting: SHB Luis Zamora 0-0: Swinging Strike
0-1: Called Strike
0-2: Ball
1-2: Ball
2-2: Ground out 4-3 (Groundball, 34)
Top of the 5th over - 0 run(s), 1 hit(s), 0 error(s), 1 left on base; Duke 1 - UCLA 2
BOTTOM OF THE 5TH
UCLA Bruins batting - Pitching for Duke Blue Devils : RHP Jasper Williams
Batting: LHB Harvey Moore 0-0: Ball
1-0: Ball
2-0: Ground out 3-1 (Groundball, 3)
Batting: LHB Ernie Russell 0-0: SINGLE (Groundball, 4MD)
Batting: LHB Pedro Ramos 0-0: Ball
1-0: Called Strike
1-1: Foul Ball, location: 2F
1-2: Fly out, F8 (Flyball, 8LM)
Batting: RHB Roberto Rodríguez 0-0: Called Strike
0-1: Ball
Ernie Russell steals 2nd base
1-1: Ground out 6-3 (Groundball, 6)
Bottom of the 5th over - 0 run(s), 1 hit(s), 0 error(s), 1 left on base; Duke 1 - UCLA 2
TOP OF THE 6TH
Duke Blue Devils batting - Pitching for UCLA Bruins : RHP Manuel González
Batting: LHB Vicente Chávez 0-0: Fly out, F6 (Popup, 5D)
Batting: RHB Mike Ingram 0-0: Ball
1-0: Foul Ball, location: 2F
1-1: Ball
2-1: Ball
3-1: Base on Balls
Pitching: LHP Josh Wall
Batting: LHB Will Hill 0-0: Ball
1-0: SINGLE (Line Drive, 6MD)
Mike Ingram to second
Batting: LHB Ramón Salazar 0-0: Ball
1-0: Foul Ball, location: 2F
1-1: Ball
2-1: Called Strike
2-2: Fielders Choice at 2nd, 4-6 (Groundball, 4)
Mike Ingram to third
Batting: RHB Matt Osborne 0-0: Called Strike
0-1: Ball
1-1: Ball
2-1: Called Strike
2-2: Foul Ball, location: 2F
2-2: Strikes out swinging
Top of the 6th over - 0 run(s), 1 hit(s), 0 error(s), 2 left on base; Duke 1 - UCLA 2
BOTTOM OF THE 6TH
UCLA Bruins batting - Pitching for Duke Blue Devils : RHP Jasper Williams
Batting: LHB Brian Bauer 0-0: Called Strike
0-1: SINGLE (Groundball, 4M)
Batting: RHB Dean Bailey 0-0: Ball
1-0: Foul Ball, location: 2F
1-1: Grounds into double play, 1-4-3 (Groundball, 15)
Batting: RHB Bill Powell 0-0: Ball
1-0: Ball
2-0: Foul Ball, location: 2F
2-1: Fly out, F9 (Flyball, 89M)
Bottom of the 6th over - 0 run(s), 1 hit(s), 0 error(s), 0 left on base; Duke 1 - UCLA 2
TOP OF THE 7TH
Duke Blue Devils batting - Pitching for UCLA Bruins : LHP Josh Wall
Batting: RHB Arturo Mesa 0-0: Fly out, F8 (Flyball, 8LM)
Batting: SHB Randy Rodríguez 0-0: Ball
1-0: Ball
2-0: Called Strike
2-1: Called Strike
2-2: Ground out 1-3 (Groundball, 13S)
Batting: SHB Tomás Sánchez 0-0: Ball
1-0: Fly out, F8 (Flyball, 8LM)
Top of the 7th over - 0 run(s), 0 hit(s), 0 error(s), 0 left on base; Duke 1 - UCLA 2
BOTTOM OF THE 7TH
UCLA Bruins batting - Pitching for Duke Blue Devils : RHP Jasper Williams
Pitching: LHP Woodrow Mitchell
Batting: RHB Doug Lutz 0-0: Ball
1-0: Foul Ball, location: 2F
1-1: Ball
2-1: Foul Ball, location: 2F
2-2: Strikes out swinging
Batting: LHB Scott Young 0-0: Ball
1-0: Ball
2-0: SINGLE (Line Drive, 6MD)
Batting: LHB Harvey Moore 0-0: Called Strike
0-1: Ball
1-1: Ball
2-1: Fly out, F5 (Popup, 5DF)
Batting: LHB Ernie Russell 0-0: Called Strike
0-1: Ball
1-1: Ball
2-1: Ball
3-1: Foul Ball, location: 2F
3-2: Base on Balls
Scott Young to second
Batting: LHB Pedro Ramos 0-0: Ball
1-0: Called Strike
1-1: Ball
2-1: Ball
3-1: Base on Balls
Scott Young to third
Ernie Russell to second
Batting: RHB Roberto Rodríguez 0-0: Ground out U3 (Groundball, 3S)
Bottom of the 7th over - 0 run(s), 1 hit(s), 0 error(s), 3 left on base; Duke 1 - UCLA 2
TOP OF THE 8TH
Duke Blue Devils batting - Pitching for UCLA Bruins : LHP Josh Wall
Now at 1B: Rodney Richardson
Batting: SHB Luis Zamora 0-0: Called Strike
0-1: Foul Ball, location: 2F
0-2: Ball
1-2: Ball
2-2: Strikes out swinging
Batting: LHB Vicente Chávez 0-0: Called Strike
0-1: Foul Ball, location: 2F
0-2: Ball
1-2: Foul Ball, location: 2F
1-2: Ground out U3 (Groundball, 3L)
Pitching: RHP Sean Cooper
Batting: RHB Mike Ingram 0-0: Swinging Strike
0-1: Ball
1-1: Ground out 6-3 (Groundball, 6)
Top of the 8th over - 0 run(s), 0 hit(s), 0 error(s), 0 left on base; Duke 1 - UCLA 2
BOTTOM OF THE 8TH
UCLA Bruins batting - Pitching for Duke Blue Devils : LHP Woodrow Mitchell
Batting: LHB Brian Bauer 0-0: Foul Ball, location: 2F
0-1: Foul Ball, location: 2F
0-2: Ground out 3-1 (Groundball, 34)
Batting: RHB Dean Bailey 0-0: Ball
1-0: DOUBLE (Line Drive, 78M)
Batting: RHB Bill Powell 0-0: Intentional Walk
Pitching: RHP Tim Horton
Batting: RHB Doug Lutz 0-0: Ball
1-0: Ball
2-0: Fly out, F7 (Flyball, 7M)
Batting: LHB Scott Young 0-0: Called Strike
0-1: Ball
1-1: Foul Ball, location: 2F
1-2: Strikes out looking
Bottom of the 8th over - 0 run(s), 1 hit(s), 0 error(s), 2 left on base; Duke 1 - UCLA 2
TOP OF THE 9TH
Duke Blue Devils batting - Pitching for UCLA Bruins : RHP Sean Cooper
Pitching: RHP Salvador De Jesús
Batting: LHB Will Hill 0-0: Called Strike
0-1: Called Strike
0-2: Ground out U3 (Groundball, 3)
Batting: LHB Ramón Salazar 0-0: Called Strike
0-1: Hit by Pitch
Batting: RHB Matt Osborne 0-0: Ball
1-0: Swinging Strike
1-1: 2-RUN HOME RUN (Flyball, 7LD), Distance : 318 ft
Batting: RHB Arturo Mesa 0-0: Foul Ball, location: 2F
0-1: Ball
1-1: Ball
2-1: Ball
3-1: Base on Balls
Batting: SHB Randy Rodríguez 0-0: Ground out 3-1 (Groundball, 34)
Arturo Mesa to second
Pinch Hitting: RHB Wayne Ressler 0-0: Foul Ball, location: 2F
0-1: Called Strike
0-2: Strikes out looking
Top of the 9th over - 2 run(s), 1 hit(s), 0 error(s), 1 left on base; Duke 3 - UCLA 2
BOTTOM OF THE 9TH
UCLA Bruins batting - Pitching for Duke Blue Devils : RHP Tim Horton
Pitching: RHP Matt Phillips
Now at 2B: Jake Belcher
Batting: LHB Harvey Moore 0-0: Called Strike
0-1: Ball
1-1: Ball
2-1: Ground out 4-3 (Groundball, 4)
Batting: LHB Ernie Russell 0-0: Ball
1-0: Called Strike
1-1: Foul Ball, location: 2F
1-2: Fly out, F8 (Flyball, 8LM)
Batting: LHB Pedro Ramos 0-0: Ball
1-0: Called Strike
1-1: Fly out, F7 (Flyball, 7M)
Bottom of the 9th over - 0 run(s), 0 hit(s), 0 error(s), 0 left on base; Duke 3 - UCLA 2
This league is powered by Out of the Park Baseball, the baseball management simulation game for PC, Mac and Linux
Saturday, April 9th, 2016 - OOTP Baseball 16.8 Build 38